AoeStats
← Dr. Brows

Arabia

503976120Analyzed
4v4 RM · 1mo ago on Sep 3, 2026· 43m 47s· 8 players
Game mode
Random Map
Map size
Large (8 player)
Population
200
Speed
Normal
Resources
Standard
Victory
Conquest
Starting age
Dark Age
Ending age
Imperial Age
RankedLock teamsTeams togetherTeam positionsShared explorationLock speedFull tech treeHidden civsTurbo modeCheats
Victory
Defeat
🇮🇳 Japanese · India
979
+16
🇮🇳 Magyars · India
881
+9
877
+8
🇮🇳 Lithuanians · India
866
+8
🇨🇳 Magyars · China
794
-10
🇹🇷 Slavs · Türkiye
761
-9
🇺🇸 Persians · United States
701
-8
🇬🇧 Byzantines · United Kingdom
482
-3
lIlKIKOlIl
0:28 Loom
11:08 Feudal Age
12:23 Wheelbarrow
11:42 Double-Bit Axe
11:41 Horse Collar
21:14 Castle Age
22:55 Hand Cart
23:34 Hand Cart
23:57 Bow Saw
24:29 Heavy Plow
27:15 Pikeman
30:05 Man-at-Arms
34:07 Forging
34:45 Scale Mail Armor
39:26 Imperial Age
36:27 Long Swordsman
37:25 Gold Mining
37:26 Stone Mining
37:39 Detinets
37:07 Long Swordsman
37:49 Squires
39:08 Gold Shaft Mining
39:32 Iron Casting
39:13 Chain Mail Armor
39:27 Town Watch
39:27 Two-Handed Swordsman
41:15 Blast Furnace
40:25 Champion
42:35 Conscription
42:53 Hoardings
OG POLANDO
0:44 Loom
10:18 Feudal Age
12:12 Double-Bit Axe
Walkdog38
0:30 Loom
12:30 Feudal Age
13:22 Double-Bit Axe
16:51 Horse Collar
18:10 Gold Mining
22:17 Castle Age
21:44 Stone Mining
23:46 Stone Shaft Mining
23:49 Wheelbarrow
23:28 Bow Saw
24:59 Hand Cart
24:59 Heavy Plow
24:47 Pikeman
28:11 Crossbowman
30:26 Gold Shaft Mining
31:36 Thumb Ring
34:21 Heated Shot
35:22 Scale Barding Armor
35:18 Padded Archer Armor
35:09 Fletching
38:30 Imperial Age
37:07 Fervor
36:56 Murder Holes
37:22 Ballistics
38:40 Herbal Medicine
38:46 Devotion
40:12 Chemistry
39:23 Masonry
39:48 Crop Rotation
39:52 Coinage
39:32 Guilds
39:42 Leather Archer Armor
40:08 Citadels
39:28 Sappers
40:20 Conscription
41:03 Halberdier
41:44 Squires
41:29 Arson
41:30 Gambesons
42:41 Hoardings
43:45 Ring Archer Armor
43:11 Bodkin Arrow
Steven
10:10 Feudal Age
15:18 Bloodlines
31:48 Castle Age
31:37 Scale Barding Armor
33:48 Husbandry
38:25 Double-Bit Axe
39:05 Corvinian Army
39:35 Chain Barding Armor
39:39 Horse Collar
41:21 Pikeman
Tanishq
6:52 Loom
9:51 Feudal Age
11:03 Double-Bit Axe
12:01 Man-at-Arms
21:28 Castle Age
20:45 Wheelbarrow
20:49 Horse Collar
23:12 Bow Saw
23:20 Thumb Ring
23:17 Town Watch
23:49 Forging
23:45 Scale Barding Armor
23:55 Forging
23:48 Padded Archer Armor
23:42 Fletching
26:53 Town Patrol
28:39 Ballistics
29:02 Hand Cart
30:01 Squires
29:48 Arson
30:02 Bodkin Arrow
38:41 Imperial Age
37:16 Murder Holes
38:22 Iron Casting
38:18 Leather Archer Armor
39:13 Chain Barding Armor
40:28 Parthian Tactics
40:50 Conscription
40:40 Husbandry
40:51 Bloodlines
42:16 Heavy Cavalry Archer
Aboubakar
9:33 Feudal Age
10:59 Double-Bit Axe
12:10 Loom
21:20 Castle Age
19:18 Horse Collar
19:41 Gold Mining
21:05 Scale Barding Armor
24:36 Wheelbarrow
24:56 Bow Saw
27:10 Hand Cart
28:30 Heavy Plow
29:28 Town Watch
30:27 Town Patrol
32:32 Chain Barding Armor
35:26 Imperial Age
33:28 Corvinian Army
34:37 Gold Shaft Mining
33:57 Stone Mining
34:44 Stone Mining
36:30 Conscription
35:30 Elite Magyar Huszar
38:23 Plate Barding Armor
37:55 Husbandry
38:08 Bloodlines
Dr. Brows
6:58 Loom
9:17 Feudal Age
10:30 Double-Bit Axe
20:12 Castle Age
20:43 Forging
21:41 Husbandry
21:41 Stone Mining
24:44 Iron Casting
24:15 Scale Barding Armor
25:38 Bow Saw
27:11 Bloodlines
28:22 Wheelbarrow
27:33 Town Watch
28:10 Gold Mining
28:27 Horse Collar
29:52 Heavy Plow
36:01 Imperial Age
33:48 Hand Cart
37:43 Chain Barding Armor
37:49 Town Patrol
37:39 Elite Leitis
39:05 Conscription
39:38 Plate Barding Armor
Father Mike Fernandes SJ
7:06 Loom
9:41 Feudal Age
10:25 Double-Bit Axe
13:46 Fletching
20:27 Castle Age
19:37 Padded Archer Armor
21:29 Husbandry
22:28 Forging
22:26 Scale Barding Armor
22:16 Bodkin Arrow
23:01 Horse Collar
24:21 Wheelbarrow
29:28 Ballistics
30:39 Thumb Ring
30:04 Crossbowman
35:04 Imperial Age
36:14 Conscription
35:53 Heavy Camel Rider
36:05 Arbalester
40:31 Royal Heirs
42:41 Chemistry
Connection lost

Rejoining the realm…

Still unreachable

The connection could not be restored.

Session expired

The server has moved on; the page needs a fresh start.